 Dungeon Sprint DCSS version 0.21-a0-41-g5e91fef (webtiles) character file.

28390 Kidiri the Eclecticist (level 13, -11/82 HPs)
             Began as a Deep Elf Fire Elementalist on June 3, 2017.
             Was the Champion of Vehumet.
             Killed from afar by an electric golem (25 damage)
             ... with a bolt of lightning
             ... in the Dungeon (Sprint II: "The Violet Keep of Menkaure").
             The game lasted 00:57:18 (7420 turns).

Kidiri the Eclecticist (Deep Elf Fire Elementalist) Turns: 7420, Time: 00:57:19

Health: -11/82     AC: 12    Str: 17    XL:     13   Next: 9%
Magic:  13/39      EV: 26    Int: 37    God:    Vehumet [******]
Gold:   536        SH: 11    Dex: 17    Spells: 1/52 levels left

rFire    x . .     SeeInvis +   K - +5 rapier (holy)
rCold    . . .     Gourm    .   l - +0 shield
rNeg     + . .     Faith    .   j - +4 robe of Augmentation {Str+4 Int+4 Dex+4}
rPois    .         Spirit   .   n - +0 helmet {SInv}
rElec    .         Reflect  .   m - +0 cloak {+Inv}
rCorr    .         Harm     .   E - +0 pair of gloves {Str+3}
MR       +....     NoTele   +   k - +0 pair of boots {Fly}
Stlth    ++++......             a - amulet "Fuonob" {RegenMP Str+3 Dex-2}
Regen    0.3/turn               z - ring of the Ten Curses {rF- rN+ Int+7}
MPRegen  0.4/turn               C - ring "Entyint" {EV+6 Str+2}

@: flying
A: no striking features
a: Renounce Religion, Evoke Invisibility, Stop Flying


You were in the Dungeon.
You worshipped Vehumet.
Vehumet was exalted by your worship.
You were not hungry.

You visited 1 branch You collected 3488 gold pieces.
You spent 2952 gold pieces at shops.

Inventory:

Hand Weapons
 I - a +3 short sword of venom
 K - a +5 rapier of holy wrath (weapon)
Armour
 h - a +0 pair of boots of running
 j - the +4 robe of Augmentation (worn) {Str+4 Int+4 Dex+4}
   (You bought it in a shop in the Dungeon)

   It affects your strength (+4).
   It affects your intelligence (+4).
   It affects your dexterity (+4).
 k - a +0 pair of boots of flying (worn)
 l - a +0 shield (worn)
 m - a +0 cloak of invisibility (worn)
 n - a +0 helmet of see invisible (worn)
 E - a +0 pair of gloves of strength (worn)
Magical Staves
 J - an uncursed staff of wizardry
Jewellery
 a - the amulet "Fuonob" (around neck) {RegenMP Str+3 Dex-2}
   (You acquired it in the Dungeon)

   [amulet of magic regeneration]

   It increases your magic regeneration.
   It affects your strength (+3).
   It affects your dexterity (-2).
 f - a +3 ring of intelligence
 z - the ring of the Ten Curses (left hand) {rF- rN+ Int+7}
   (You found it in the Dungeon)

   [ring of positive energy]

   It affects your intelligence (+7).
   It makes you vulnerable to fire.
   It protects you from negative energy.
 A - an uncursed ring of protection from cold
 C - the ring "Entyint" (right hand) {EV+6 Str+2}
   (You found it in the Dungeon)

   [ring of evasion]

   It affects your evasion (+6).
   It affects your strength (+2).
 F - an uncursed ring of fire
Wands
 b - a wand of digging (12/24)
Scrolls
 d - 3 scrolls of remove curse
 o - a scroll of fog
 p - 2 scrolls of amnesia
 t - a scroll of immolation
Potions
 e - a potion of heal wounds
 g - 13 potions of magic
 q - 2 potions of agility
 s - 2 potions of curing
 w - a potion of lignification
 x - 3 potions of resistance
 B - 3 potions of haste
Books
 i - the Compendium of Poisoning and Heat
   (You bought it in a shop in the Dungeon)

   Spells                             Type                      Level
   a - Flame Tongue                   Conjuration/Fire             1
   b - Sting                          Conjuration/Poison           1
   c - Throw Flame                    Conjuration/Fire             2
   d - Mephitic Cloud                 Conjuration/Poison/Air       3
   e - Ignite Poison                  Fire/Transmutation/Poison    3
   f - Bolt of Magma                  Conjuration/Fire/Earth       5
   g - Venom Bolt                     Conjuration/Poison           5
 y - a book of Geomancy

   Spells                             Type                      Level
   a - Sandblast                      Earth                        1
   b - Passwall                       Transmutation/Earth          2
   c - Stone Arrow                    Conjuration/Earth            3
   d - Petrify                        Transmutation/Earth          4
   e - Lee's Rapid Deconstruction     Earth                        5
Comestibles
 c - 2 bread rations
 u - 3 meat rations


   Skills:
 + Level 10.2 Fighting
 + Level 7.7 Short Blades
 + Level 10.3 Armour
 - Level 12.0 Dodging
 + Level 9.3 Stealth
 + Level 8.3 Shields
 * Level 20.2 Spellcasting
 + Level 12.9 Conjurations
 + Level 13.3 Fire Magic
 + Level 5.2 Poison Magic
 + Level 10.8 Evocations


You had one spell level left.
You knew the following spells:

 Your Spells              Type           Power        Failure   Level  Hunger
a - Flame Tongue          Conj/Fire      #####        0%          1    None
b - Throw Flame           Conj/Fire      ######       0%          2    None
c - Conjure Flame         Conj/Fire      #######.     0%          3    None
d - Inner Flame           Hex/Fire       ######..     1%          3    None
e - Ignite Poison         Fire/Tmut/Pois ######..     1%          3    None
f - Sticky Flame          Conj/Fire      #######.     1%          4    None
g - Fireball              Conj/Fire      #######...   1%          5    None
h - Bolt of Magma         Conj/Fire/Erth #######...   1%          5    None
i - Bolt of Fire          Conj/Fire      #######...   1%          6    None
j - Mephitic Cloud        Conj/Pois/Air  ######..     1%          3    None
k - Venom Bolt            Conj/Pois      #######...   1%          5    None
l - Dazzling Spray        Conj/Hex       ######       1%          3    None
m - Lee's Rapid Deconstr  Erth           #####.....   13%         5    None
n - Stone Arrow           Conj/Erth      ######       1%          3    None


Dungeon Overview and Level Annotations

Branches:
Dungeon (1/1)

Altars:
Cheibriados
Dithmenos
Elyvilon
Fedhas
Gozag
Hepliaklqana
Kikubaaqudgha
Makhleb
Nemelex Xobeh
Okawaru
Qazlal
Ru
Sif Muna
Trog
Uskayaw
Vehumet
Wu Jian
Xom
Yredelemnul
Zin
The Shining One
Beogh
Jiyva
Lugonu

Shops:
D }:?[[[:%![(!=*?![[=*:

Annotations:
D exclusions: 11 doors, golden dragon and oklob plant, Lernaean hydra


Message History

The electric golem hurls lightning at you.
The bolt of lightning hits the iron golem.
The iron golem completely resists.
The bolt of lightning misses you. x2
Unknown command.
Casting: Lee's Rapid Deconstruction
Confirm with . or Enter, or press ? or * to list all spells.
Aiming: Lee's Rapid Deconstruction
Press: ? - help, Dir - move target cursor, f/p - iron golem Fragment what (e.g. wall or brittle monster)?: an iron golem (almost destroyed, hasn't noticed you)
The iron golem shatters!
You blow up the iron golem!
Vehumet accepts your kill.
You feel your power returning.
The blast of metal fragments hits the electric golem.
The electric golem is heavily damaged.
The electric golem hurls lightning at you.
The bolt of lightning hits you!
* * * LOW HITPOINT WARNING * * *
The bolt of lightning hits you!
You die...

≈§§§§##⌠,,,,*+***,,,*,..▓,**,,**,
§≈§§§§##,,,,*,$▓▓▓+▓▓▓▓.▓,*,,,**,
§8≈§§≈≈#*++**,.E+§..▓0..▓,,,,,***
≈≈≈§§≈**≈...**#8#...▓▓▓▓▓▓▓▓▓▓*▓▓
§§≈≈≈**,≈,...,#.#...▓≈≈≈≈≈≈≈≈▓▓▓(
'#'++##***,...#8##|[▓▓▓▓▓▓▓▓▓▓▓▓'
§.....#,,+,,..#..#|[▓.[)..(..▓▓..
#'##..#,,***#.#..#=:▓..(....)▓▓.⌠
.#.##)####,,+.##@#))▓[(..))..▓▓..
.#..#....#,,#...####▓.[.[....▓▓..
.#.####..##*##..##.#▓.....(.)▓▓..
#+###.##..#,,+.÷#..#▓(.)(.().▓▓..
#.##...#..#,,#..#..#▓....).)(▓▓.⌠
.<.+)#(+..####..##.#▓[[(....(▓▓..
#.##...#....###...##▓▓▓▓▓▓▓+▓▓▓▓'
#+###.##......≈≈≈≈≈≈≈≈≈≈≈≈≈...≈≈≈
.#.####≈§.....≈#+########+###.≈≈≈


You could see an electric golem, a toenail golem and an earth elemental.

Vanquished Creatures
  A hellephant (D)
  A deep elf blademaster (D)
  A kraken (D)
  Gastronok (D)
  2 sphinxes (D)
  A draconian shifter (D)
  Nessos (D)
  A dire elephant (D)
  A crystal guardian (D)
  A yaktaur captain (D)
  Sonja (D)
  An iron golem (D)
  2 death drakes (D)
  3 sixfirhies (D)
  A deep troll (D)
  A skeletal warrior (D)
  A glowing orange brain (D)
  A harpy (D)
  3 orc sorcerers (D)
  An elephant (D)
  A merfolk siren (D)
  An eye of devastation (D)
  A kobold demonologist (D)
  A yaktaur (D)
  3 polar bears (D)
  2 tyrant leeches (D)
  A hornet (D)
  2 hippogriffs (D)
  6 flying skulls (D)
  A vampire mosquito (D)
  2 swamp drakes (D)
  4 crocodiles (D)
  An earth elemental (D)
  9 electric eels (D)
  4 lava snakes (D)
  A jelly (D)
  4 orc priests (D)
  4 worker ants (D)
74 creatures vanquished.

Vanquished Creatures (others)
  Kirke (D)
  A centaur warrior (D)
  A deep troll (D)
  2 redbacks (D)
  Menkaure (D)
  A crocodile (D)
  20 tentacles (D)
27 creatures vanquished.

Grand Total: 101 creatures vanquished

Notes
Turn   | Place    | Note
-------+----------+-------------------------------------------
     0 | D        | Kidiri the Deep Elf Fire Elementalist began the quest for the Orb.
     0 | D        | Reached XP level 1. HP: 10/10 MP: 6/6
     1 | D        | Noticed a tyrant leech
     1 | D        | Noticed a tyrant leech
     5 | D        | Noticed a merfolk siren
     9 | D        | Noticed a hippogriff
     9 | D        | Noticed a hippogriff
    13 | D        | Noticed a worker ant
    13 | D        | Noticed a worker ant
    13 | D        | Noticed a worker ant
    13 | D        | Noticed a worker ant
    16 | D        | Killed a worker ant
    16 | D        | Reached skill level 1 in Fighting
    16 | D        | Reached skill level 1 in Armour
    16 | D        | Reached skill level 4 in Spellcasting
    16 | D        | Reached XP level 2. HP: 10/16 MP: 3/9
    23 | D        | Reached skill level 5 in Spellcasting
    23 | D        | Reached XP level 3. HP: 21/21 MP: 8/12
    25 | D        | Reached skill level 6 in Spellcasting
    25 | D        | Reached XP level 4. HP: 26/26 MP: 8/14
    34 | D        | Learned a level 2 spell: Throw Flame
    38 | D        | Learned a level 3 spell: Conjure Flame
    42 | D        | Learned a level 3 spell: Inner Flame
    47 | D        | Learned a level 4 spell: Sticky Flame
    82 | D        | Killed Menkaure
    88 | D        | Killed a merfolk siren
    88 | D        | Reached skill level 10 in Spellcasting
    88 | D        | Reached skill level 5 in Conjurations
    88 | D        | Reached XP level 5. HP: 33/33 MP: 1/19
    88 | D        | Reached XP level 6. HP: 38/38 MP: 1/21
    95 | D        | Learned a level 5 spell: Fireball
   214 | D        | Killed a hippogriff
   214 | D        | Reached skill level 11 in Spellcasting
   214 | D        | Reached XP level 7. HP: 19/44 MP: 12/23
   233 | D        | Killed a hippogriff
   233 | D        | Reached skill level 5 in Fighting
   233 | D        | Reached skill level 5 in Armour
   400 | D        | Killed a tyrant leech
   400 | D        | Reached skill level 12 in Spellcasting
   402 | D        | Noticed an orange crystal statue
   414 | D        | Killed a tyrant leech
   414 | D        | Reached XP level 8. HP: 50/50 MP: 1/26
   536 | D        | Noticed an ice statue
   570 | D        | Found Jutsinte's Jewellery Emporium.
   572 | D        | Found Aschuafy's Armour Emporium.
   572 | D        | Found Plog's Distillery.
   573 | D        | Found Toidan's Jewellery Emporium.
   573 | D        | Found Kucuboug's Distillery.
   578 | D        | Found Bofad's Antique Armour Shoppe.
   578 | D        | Found Zaotiamyu's Antique Weapon Emporium.
   579 | D        | Found Jillag's Distillery.
   579 | D        | Found Waixt's Food Shoppe.
   580 | D        | Found Vynomew's Magic Scroll Emporium.
   580 | D        | Found Vixueng's Book Shoppe.
   580 | D        | Noticed a shining eye
   581 | D        | Found Riuputaf's Antique Armour Shoppe.
   584 | D        | Found Tedau's Armour Shoppe.
   584 | D        | Found Juahu's Magic Scroll Emporium.
   584 | D        | Noticed a shining eye
   584 | D        | Noticed a shining eye
   584 | D        | Noticed an oklob plant
   585 | D        | Found Jujof's Gadget Shoppe.
   585 | D        | Found Qyboim's Book Shoppe.
   586 | D        | Noticed a polar bear
   587 | D        | Noticed a polar bear
   592 | D        | Noticed a flying skull
   593 | D        | Noticed a flying skull
   628 | D        | Bought the +4 robe of Augmentation {Str+4 Int+4 Dex+4} for 529 gold pieces
   628 | D        | Bought a +0 pair of boots of flying for 115 gold pieces
   628 | D        | Bought a +0 shield for 45 gold pieces
   656 | D        | Bought an embroidered cloak for 180 gold pieces
   703 | D        | Found a snail-covered altar of Cheibriados.
   703 | D        | Found a roughly hewn altar of Beogh.
   704 | D        | Found a shadowy altar of Dithmenos.
   704 | D        | Found a viscous altar of Jiyva.
   705 | D        | Found a white marble altar of Elyvilon.
   705 | D        | Found an ancient bone altar of Kikubaaqudgha.
   706 | D        | Found a blossoming altar of Fedhas.
   706 | D        | Found a corrupted altar of Lugonu.
   706 | D        | Found a deep blue altar of Sif Muna.
   707 | D        | Found a hazy altar of Hepliaklqana.
   707 | D        | Found a sacrificial altar of Ru.
   708 | D        | Found a stormy altar of Qazlal.
   708 | D        | Found an ornate altar of the Wu Jian Council.
   709 | D        | Noticed a polar bear
   710 | D        | Found a burning altar of Makhleb.
   710 | D        | Found a bloodstained altar of Trog.
   710 | D        | Found an opulent altar of Gozag.
   710 | D        | Found a shimmering altar of Xom.
   744 | D        | Found a sparkling altar of Nemelex Xobeh.
   744 | D        | Found a hide-covered altar of Uskayaw.
   745 | D        | Found an iron altar of Okawaru.
   745 | D        | Found a radiant altar of Vehumet.
   745 | D        | Found a glowing silver altar of Zin.
   746 | D        | Noticed a yaktaur
   746 | D        | Noticed a hornet
   747 | D        | Noticed a polar bear
   747 | D        | Noticed a polar bear
   764 | D        | Killed a polar bear
   764 | D        | Reached skill level 1 in Shields
   764 | D        | Reached skill level 13 in Spellcasting
   764 | D        | Reached skill level 1 in Evocations
   764 | D        | Killed a yaktaur
   764 | D        | Killed a polar bear
   764 | D        | Killed a hornet
   764 | D        | Reached XP level 9. HP: 32/55 MP: 10/28
   768 | D        | Killed a polar bear
   768 | D        | Reached skill level 14 in Spellcasting
   783 | D        | Found a basalt altar of Yredelemnul.
   798 | D        | Found a glowing golden altar of the Shining One.
   809 | D        | Became a worshipper of Vehumet
   994 | D        | Noticed a kraken
  1359 | D        | HP: 2/56 [tentacle[a kraken] (26)]
  1754 | D        | Reached * piety under Vehumet
  1754 | D        | Offered knowledge of Freeze by Vehumet.
  1948 | D        | Noticed a deep troll
  1949 | D        | Noticed a deep troll
  1986 | D        | Killed a deep troll
  1986 | D        | Reached skill level 10 in Dodging
  1994 | D        | Killed a deep troll
  2320 | D        | Noticed Kirke
  2320 | D        | Noticed a skeletal warrior
  2320 | D        | Noticed a kobold demonologist
  2326 | D        | Noticed a centaur warrior
  2327 | D        | Noticed a yaktaur captain
  2339 | D        | Noticed an elephant
  2340 | D        | Killed a kobold demonologist
  2340 | D        | Reached skill level 15 in Spellcasting
  2340 | D        | Reached skill level 10 in Fire Magic
  2370 | D        | Killed a yaktaur captain
  2370 | D        | Reached skill level 5 in Evocations
  2370 | D        | Reached XP level 10. HP: 63/63 MP: 10/31
  2374 | D        | Killed Kirke
  2374 | D        | Reached skill level 16 in Spellcasting
  2374 | D        | Reached skill level 10 in Conjurations
  2517 | D        | Killed a skeletal warrior
  2517 | D        | Reached ** piety under Vehumet
  2517 | D        | Offered knowledge of Throw Frost by Vehumet.
  2517 | D        | Reached skill level 5 in Shields
  2597 | D        | Killed an elephant
  2600 | D        | Noticed a golden dragon
  2717 | D        | Killed a kraken
  2717 | D        | Reached XP level 11. HP: 68/68 MP: 18/33
  2784 | D        | Noticed a white draconian shifter
  2784 | D        | Noticed a glowing orange brain
  2784 | D        | Noticed Sonja
  2790 | D        | Noticed a hellephant
  2795 | D        | Killed a glowing orange brain
  2795 | D        | Offered knowledge of Dazzling Spray by Vehumet.
  2795 | D        | Reached skill level 17 in Spellcasting
  2809 | D        | Killed Sonja
  2809 | D        | Reached *** piety under Vehumet
  3017 | D        | Learned a level 3 spell: Dazzling Spray
  3062 | D        | Killed a white draconian shifter
  3062 | D        | Offered knowledge of Ignite Poison by Vehumet.
  3067 | D        | Learned a level 3 spell: Ignite Poison
  3236 | D        | Reached **** piety under Vehumet
  3236 | D        | Reached skill level 1 in Poison Magic
  3439 | D        | Offered knowledge of Static Discharge by Vehumet.
  3488 | D        | Noticed a deep elf blademaster
  3515 | D        | Killed a deep elf blademaster
  3515 | D        | Reached skill level 18 in Spellcasting
  3794 | D        | Noticed a harpy
  3805 | D        | Killed a harpy
  3847 | D        | Reached ***** piety under Vehumet
  3847 | D        | Offered knowledge of Bolt of Fire by Vehumet.
  3855 | D        | Learned a level 6 spell: Bolt of Fire
  3938 | D        | Killed a centaur warrior
  4252 | D        | Noticed a sphinx
  4252 | D        | Noticed a sphinx
  4261 | D        | Killed a sphinx
  4261 | D        | Reached skill level 5 in Short Blades
  4261 | D        | Reached skill level 5 in Stealth
  4261 | D        | Reached XP level 12. HP: 51/76 MP: 18/36
  4263 | D        | Killed a sphinx
  4876 | D        | Killed a hellephant
  4876 | D        | Reached skill level 19 in Spellcasting
  5040 | D        | Bought an embroidered hat for 168 gold pieces
  5057 | D        | Bought a +0 pair of gloves for 63 gold pieces
  5242 | D        | Offered knowledge of Conjure Ball Lightning by Vehumet.
  5563 | D        | Found Eczij's Book Shoppe.
  5564 | D        | Found Feurrit's General Store.
  5593 | D        | Found Yfoch's Assorted Antiques.
  5595 | D        | Found Olitog's Antique Armour Shoppe.
  5597 | D        | Noticed Nessos
  5882 | D        | Offered knowledge of Poison Arrow by Vehumet.
  5950 | D        | Noticed Gastronok
  5953 | D        | Killed Gastronok
  5953 | D        | Reached skill level 10 in Evocations
  6011 | D        | Noticed a dire elephant
  6015 | D        | Killed a dire elephant
  6015 | D        | Reached skill level 10 in Fighting
  6015 | D        | Reached skill level 10 in Armour
  6034 | D        | Got a wavering platinum ring
  6052 | D        | Got a coiled bronze ring
  6073 | D        | Got a twitching ivory ring
  6150 | D        | Identified the ring of the Ten Curses {rF- rN+ Int+7} (You found it in the Dungeon)
  6154 | D        | Identified the ring "Entyint" {EV+6 Str+2} (You found it in the Dungeon)
  6156 | D        | Identified the ring "Viekelis" {EV+1 Str+7} (You found it in the Dungeon)
  6159 | D        | Identified 4 scrolls of acquirement
  6165 | D        | Got a clouded amethyst amulet
  6166 | D        | Identified the amulet "Fuonob" {RegenMP Str+3 Dex-2} (You acquired it in the Dungeon)
  6179 | D        | Identified a +0 pair of boots of running (You acquired it in the Dungeon)
  6464 | D        | Killed Nessos
  6477 | D        | Bought a potion of curing for 72 gold pieces
  6477 | D        | Bought a scroll labeled NODUFYD KOAT for 24 gold pieces
  6477 | D        | Bought a scroll of enchant weapon for 180 gold pieces
  6477 | D        | Bought a scroll of enchant weapon for 180 gold pieces
  6477 | D        | Bought a scroll labeled IMEIZU FYGEV for 24 gold pieces
  6506 | D        | Bought the Compendium of Poisoning and Heat for 596 gold pieces
  6517 | D        | Learned a level 5 spell: Bolt of Magma
  6523 | D        | Learned a level 5 spell: Venom Bolt
  6527 | D        | Learned a level 3 spell: Mephitic Cloud
  6564 | D        | Offered knowledge of Irradiate by Vehumet.
  6873 | D        | Bought a wand of digging (13/24) for 476 gold pieces
  6877 | D        | Bought a bread ration for 50 gold pieces
  6877 | D        | Bought a meat ration for 50 gold pieces
  6877 | D        | Bought a bread ration for 50 gold pieces
  6877 | D        | Bought a meat ration for 50 gold pieces
  6877 | D        | Bought a meat ration for 50 gold pieces
  6877 | D        | Bought a bread ration for 50 gold pieces
  6970 | D        | Reached ****** piety under Vehumet
  7013 | D        | Found Ucviesm's Armour Shoppe.
  7033 | D        | Noticed the 27-headed Lernaean hydra
  7152 | D        | Learned a level 5 spell: Lee's Rapid Deconstruction
  7167 | D        | Noticed a crystal guardian
  7170 | D        | Reached skill level 20 in Spellcasting
  7174 | D        | Killed a crystal guardian
  7174 | D        | Offered knowledge of Bolt of Cold by Vehumet.
  7174 | D        | Reached skill level 5 in Poison Magic
  7174 | D        | Reached XP level 13. HP: 47/82 MP: 9/39
  7360 | D        | Learned a level 3 spell: Stone Arrow
  7414 | D        | Noticed an electric golem
  7420 | D        | Killed from afar by an electric golem

Vault maps used:
D:        the_violet_keep_of_menkaure

Skill      XL: |  1  2  3  4  5  6  7  8  9 10 11 12 |
---------------+-------------------------------------+-----
Fighting       | 1 2 4 5 6 7 8 9 10 | 10.2
Armour         | 1 2 4 5 6 7 8 9 10 | 10.3
Dodging        | 3 4 6 7 8 9 10 11 12 | 12.0
Spellcasting   | 4 5 6 10 11 12 13 15 16 18 20 | 20.2
Conjurations   | 2 3 5 6 7 8 9 10 11 12 | 12.9
Fire Magic     | 4 6 7 8 9 10 11 12 13 | 13.3
Shields        | 1 4 5 6 8 |  8.3
Evocations     | 2 5 7 8 10 | 10.8
Short Blades   | 2 5 7 |  7.7
Stealth        | 5 9 |  9.3
Poison Magic   | 4 5 |  5.2

Action                   |  1- 3 |  4- 6 |  7- 9 | 10-12 | 13-15 || total
-------------------------+-------+-------+-------+-------+-------++-------
Melee: Short sword       |       |       |     1 |       |       ||     1
       Dagger            |       |       |       |    15 |       ||    15
 Cast: Flame Tongue      |     9 |    12 |    48 |    49 |     2 ||   120
       Conjure Flame     |       |     2 |     8 |     9 |     1 ||    20
       Sticky Flame      |       |     2 |    13 |     7 |       ||    22
       Inner Flame       |       |       |     7 |     2 |       ||     9
       Fireball          |       |       |     4 |     8 |       ||    12
       Throw Flame       |       |       |     2 |    15 |     1 ||    18
       Dazzling Spray    |       |       |       |    27 |       ||    27
       Bolt of Fire      |       |       |       |    21 |       ||    21
       Venom Bolt        |       |       |       |     6 |       ||     6
       Bolt of Magma     |       |       |       |     3 |     2 ||     5
       Lee's Rapid Decon |       |       |       |     2 |    10 ||    12
       Ignite Poison     |       |       |       |     1 |       ||     1
 Abil: Evoke Invisibilit |       |       |     5 |     7 |       ||    12
Evoke: Wand              |       |       |       |     1 |       ||     1
  Use: Potion            |     2 |       |       |     7 |       ||     9
       Scroll            |       |       |     9 |    14 |       ||    23
 Stab: Sleeping          |       |       |     1 |     1 |       ||     2
  Eat: Chunk             |       |       |     1 |     2 |       ||     3
       Meat ration       |       |       |     1 |     1 |       ||     2
       Bread ration      |       |       |       |     3 |       ||     3
Armor: Robe              |       |       |     5 |    21 |       ||    26
Dodge: Dodged            |     8 |     8 |    40 |    53 |     4 ||   113
Block: Shield            |       |       |       |    34 |       ||    34
